 Dungeon Crawl Stone Soup version 0.24-a0-222-g1ac5efaa63 (webtiles) character file.

Game seed: 3030872077007392473

93 Redear the Sneak (level 4, -4/27 HPs)
             Began as an Octopode Enchanter on Mar 31, 2019.
             Killed by nerve-wracking pain
             ... invoked by Grinder
              (8 damage)
             ... on level 3 of the Dungeon.
             The game lasted 00:07:35 (2420 turns).

Redear the Sneak (Octopode Enchanter)               Turns: 2420, Time: 00:07:36

Health: -4/27      AC:  1    Str:  7    XL:     4   Next: 61%
Magic:  7/7        EV: 14    Int: 18    God:
Gold:   70         SH:  0    Dex: 12    Spells: 4/7 levels left

rFire    . . .     SeeInvis .   f - +2 short sword (drain)
rCold    . . .     Gourm    .   (no shield)
rNeg     . . .     Faith    .   (helmet restricted)
rPois    .         Spirit   .   (no amulet)
rElec    .         Reflect  .   (no ring)
rCorr    .         Harm     .   (no ring)
MR       .....                  (no ring)
Stlth    ++++......             (no ring)
HPRegen  0.09/turn              (no ring)
MPRegen  0.10/turn              (no ring)
                                (no ring)
                                (no ring)

@: no status effects
A: almost no armour, stealthy swim, amphibious, 8 rings, constrict 8, camouflage
1, gelatinous body 1
a: no special abilities


You were on level 3 of the Dungeon.
You were not hungry.

You visited 1 branch of the dungeon, and saw 3 of its levels.

You collected 70 gold pieces.

Inventory:

Hand Weapons
 a - a +1 dagger
 f - a +2 short sword of draining (weapon)
 n - a +0 hunting sling
Missiles
 l - 32 poisoned needles
 Q - 76 stones (quivered)
Scrolls
 d - 4 scrolls of identify {unknown}
 e - a scroll of noise {unknown}
 g - a scroll of magic mapping {unknown}
 j - a scroll of immolation {unknown}
 k - a scroll of remove curse {unknown}
 m - a scroll of blinking {unknown}
 o - a scroll of fog {unknown}
Potions
 b - a potion of agility {unknown}
 h - a potion of lignification {unknown}
 i - a potion of ambrosia {unknown}
 q - a potion of mutation {unknown}
Comestibles
 c - 4 rations
 p - 3 chunks of flesh


   Skills:
 - Level 2.0 Short Blades
 - Level 2.6 Dodging
 - Level 4.7 Stealth
 - Level 2.2 Spellcasting
 + Level 3.6 Hexes
 + Level 1.3 Ice Magic


You had 4 spell levels left.
You knew the following spells:

 Your Spells              Type           Power        Failure   Level  Hunger
a - Ensorcelled Hibernat  Hex/Ice        ##....       10%         2    ###....
v - Corona                Hex            ##.....      4%          1    #......

Your spell library contained the following spells:

 Spells                   Type           Power        Failure   Level  Hunger
 Confuse                  Hex            ##......     12%         3    ###....
 Tukima's Dance           Hex            ##......     12%         3    ###....
 Dazzling Spray           Conj/Hex       #.....       26%         3    ###....


Dungeon Overview and Level Annotations

Branches:
Dungeon (3/15)

Altars:
Hepliaklqana
Zin

Annotations:
D:3 exclusion: Terence, Grinder, Terence


Innate Abilities, Weirdness & Mutations

You cannot wear most types of armour.
You are very stealthy in the water. (Stealth+)
You are amphibious.
You can wear up to eight rings at the same time.
You can use your tentacles to constrict eight enemies at once.
Your skin changes colour to match your surroundings (Stealth+).
Your rubbery body absorbs attacks. (AC +1, EV +1)


Message History

Grinder gestures at you. Pain shoots through your body!
* * * LOW HITPOINT WARNING * * *
You take 7 damage, and have 11/27 hp.
MASSIVE DAMAGE!!
Unknown command.
You completely miss Grinder. You constrict Grinder. Grinder hits you.
* * * LOW HITPOINT WARNING * * *
You writhe in agony.
* * * LOW HITPOINT WARNING * * *
You take 7 damage, and have 4/27 hp.
MASSIVE DAMAGE!!
Okay, then.
Unknown command.
Unknown command.
Unknown command.
You hit Grinder. You constrict Grinder. Grinder gestures at you.
Pain shoots through your body!
You die...

##...........##.####
#....................
..........##..........
.#.....)..#..#.......$.
.............#..........
.#...#........Y.........
#..###.................
#..##.)..<.............
#..##....5@..).........
#..##.............?....
#######.###..................
.........##..........))......
.....#.......................
.......#.##..................
......##.##.................(
.....###..#..........#......#
.<...# ##.#...........#####..


You could see Grinder and an ice beast.

Levels and vault maps discovered:
D:1:      lemuel_arrival_room, layout_basic
D:2:      layout_basic, old_standard_altar, lemuel_coloured_pillars_altar,
          fountainhead
D:3:      layout_rooms, kennysheep_slug_shrine, lemuel_crystal_altar,
          okawaru_ov_weapons_minmay, uniq_grinder, uniq_terence

Notes
Turn   | Place    | Note
-------+----------+-------------------------------------------
     0 | D:1      | Redear the Octopode Enchanter began the quest for the Orb.
     0 | D:1      | Reached XP level 1. HP: 11/11 MP: 3/3
    26 | D:1      | Identified a +0 club
    30 | D:1      | Identified a +0 club
    47 | D:1      | Reached XP level 2. HP: 6/17 MP: 5/5
   317 | D:1      | Identified a +0 club
   409 | D:1      | Identified a +0 club
   416 | D:1      | Identified a +2 short sword of draining
   438 | D:1      | Identified a cursed +0 club
   442 | D:1      | TheNamelessOne: !lg . open
   442 | D:1      | beem: 14. TheNamelessOne the Archmage (L27 OpEn of Sif
                  | Muna), escaped with the Orb and 15 runes on 2018-12-30
                  | 13:32:23, with 13382001 points after 121070 turns and
                  | 10:32:38.
   445 | D:1      | Learned a level 2 spell: Ensorcelled Hibernation
   490 | D:1      | Identified a +0 dagger
   907 | D:1      | Reached XP level 3. HP: 12/21 MP: 6/6
  1357 | D:2      | Identified a cursed -1 dagger
  1663 | D:2      | Reached skill level 2 in Short Blades
  1679 | D:2      | Found a hazy altar of Hepliaklqana.
  1850 | D:2      | Reached XP level 4. HP: 21/27 MP: 7/7
  1920 | D:2      | Identified a +0 dagger
  1921 | D:2      | Found a glowing silver altar of Zin.
  1940 | D:2      | Identified a +0 dagger
  1940 | D:2      | Identified a +0 hunting sling
  1967 | D:2      | Identified a +0 hunting sling
  2211 | D:3      | Identified a +0 dagger
  2211 | D:3      | Identified a +0 club
  2211 | D:3      | Identified a cursed -2 hunting sling
  2227 | D:3      | Identified a +0 dagger
  2227 | D:3      | Identified a +0 chain mail
  2236 | D:3      | Identified a +0 dagger
  2240 | D:3      | Identified a +0 club
  2246 | D:3      | Reached skill level 1 in Ice Magic
  2246 | D:3      | Identified a +0 hand axe
  2249 | D:3      | Identified a +0 club
  2254 | D:3      | Identified a +0 flail
  2254 | D:3      | Noticed an ice beast
  2256 | D:3      | Noticed Grinder
  2332 | D:3      | Identified a +0 chain mail
  2337 | D:3      | Identified a +0 dagger
  2337 | D:3      | Identified a +0 leather armour
  2340 | D:3      | Identified a +0 short sword
  2340 | D:3      | Identified a +0 scale mail
  2365 | D:3      | Identified a +0 falchion
  2365 | D:3      | Identified a cursed +0 chain mail
  2365 | D:3      | Noticed Terence
  2419 | D:3      | HP: 4/27 [Grinder (3)]
  2420 | D:3      | Killed from afar by Grinder

Table legend:
 A = Turns spent in this place as a percentage of turns spent in the entire game.
 B = Non-inter-level travel turns spent in this place as a percentage of non-inter-level travel turns spent in the entire game.
 C = Inter-level travel turns spent in this place as a percentage of turns spent in this place.
 D = Turns resting spent in this place as a percentage of non-inter-level travel turns spent in this place.
 E = Turns spent auto-exploring this place as a percentage of non-inter-level travel turns spent in this place.
 F = Non-inter-level travel turns spent in this place divided by the number of levels of this place that you've seen.
                   A       B       C       D       E      F
               +-------+-------+-------+-------+-------+----------------------
         Total | 100.0 | 100.0 |   3.4 |  22.3 |  60.2 | 779.0
       Dungeon | 100.0 | 100.0 |   3.4 |  22.3 |  60.2 | 779.0
               +-------+-------+-------+-------+-------+----------------------

Table legend:
 A = Kills in this place as a percentage of kills in entire the game.
 B = Kills by you in this place as a percentage of kills by you in the entire game.
 C = Kills by friends in this place as a percentage of kills by friends in the entire game.
 D = Other kills in this place as a percentage of other kills in the entire game.
 E = Experience gained in this place as a percentage of experience gained in the entire game.
 F = Experience gained in this place divided by the number of levels of this place that you have seen.
                   A       B       C       D       E      F
               +-------+-------+-------+-------+-------+----------------------
         Total | 100.0 | 100.0 |   N/A |   N/A | 100.0 |  44.3
       Dungeon | 100.0 | 100.0 |   N/A |   N/A | 100.0 |  44.3
               +-------+-------+-------+-------+-------+----------------------

Skill      XL: |  1  2  3  4 |
---------------+-------------+-----
Short Blades   | 2 |  2.0
Ice Magic      | 1 |  1.3
Dodging        | |  2.6
Stealth        | |  4.7
Spellcasting   | |  2.2
Hexes          | |  3.6

Action                   |  1- 3 |  4- 6 || total
-------------------------+-------+-------++-------
Melee: Dagger            |    29 |       ||    29
       Constrict         |    11 |    11 ||    22
       Tentacles         |     6 |     5 ||    11
       Short sword       |    31 |    44 ||    75
 Stab: Sleeping          |    10 |     5 ||    15
       Distracted        |     1 |       ||     1
  Eat: Chunk             |     2 |     3 ||     5
Armor: Skin              |     5 |     3 ||     8
Dodge: Dodged            |    41 |    20 ||    61

Vanquished Creatures
  2 adders (D:2)
  A worm (D:3)
  2 dart slugs
  5 leopard geckos
  7 orcs (D:3)
  A giant cockroach (D:2)
  12 goblins
  3 hobgoblins (D:1)
  7 kobolds
  8 bats
  5 rats
53 creatures vanquished.
